 Dungeon Crawl Stone Soup version 0.22.1-1-ga44c0e5 (webtiles) character file.

42 FrozenPanda the Twirler (level 3, -2/22 HPs)
             Began as a Gargoyle Gladiator on Sept 22, 2018.
             Slain by Natasha (7 damage)
             ... on level 2 of the Dungeon.
             The game lasted 00:01:14 (1694 turns).

FrozenPanda the Twirler (Gargoyle Gladiator)        Turns: 1694, Time: 00:01:14

Health: -2/22      AC:  0    Str: 17    XL:     3   Next: 54%
Magic:  3/3        EV: 20    Int:  9    God:
Gold:   49         SH:  0    Dex: 16    Spells: 2/2 levels left

rFire    . . .     SeeInvis .   (weapon currently unavailable)
rCold    . . .     Gourm    .   (shield currently unavailable)
rNeg     + . .     Faith    .   (armour currently unavailable)
rPois    ∞         Spirit   .   (helmet currently unavailable)
rElec    .         Reflect  .   (cloak currently unavailable)
rCorr    .         Harm     +   (gloves currently unavailable)
MR       .....                  (boots currently unavailable)
Stlth    ++........             p - amulet of harm
HPRegen  0.07/turn              (ring currently unavailable)
MPRegen  0.08/turn              (ring currently unavailable)

@: bat-form, flying, slowed, quick
A: tiny, negative energy resistance 1, petrification resistance, rot immunity,
AC +3
a: no special abilities


You were on level 2 of the Dungeon.
You were hungry.
You were in bat-form.
You visited 1 branch of the dungeon, and saw 2 of its levels.

You collected 49 gold pieces.

Inventory:

Hand Weapons
 a - a +0 quarterstaff (melded)
Missiles
 d - 3 throwing nets (quivered)
 k - 62 stones
 l - 40 sling bullets
 r - 12 poisoned needles
 s - 17 bolts
Armour
 b - a +0 leather armour (melded)
 c - a +0 helmet (melded)
Jewellery
 p - an amulet of harm (around neck)
Scrolls
 e - 3 scrolls of identify {unknown}
 g - a scroll of teleportation {unknown}
 h - a scroll of enchant weapon {unknown}
 i - 2 scrolls of noise {unknown}
 n - 2 scrolls of blinking {unknown}
 q - a scroll of magic mapping {unknown}
Potions
 j - a potion of heal wounds {unknown}
 o - 3 potions of curing {unknown}
 t - a potion of haste {unknown}
 u - a potion of lignification {unknown}
 v - a potion of flight {unknown}
Comestibles
 f - 5 rations
 m - a chunk of flesh


   Skills:
 + Level 2.5 Fighting
 + Level 3.2 Staves
 + Level 2.1 Throwing
 + Level 1.2 Armour
 + Level 2.7 Dodging
 + Level 1.0 Stealth


You had 2 spell levels left.
You didn't know any spells.
Your spell library was empty.

Dungeon Overview and Level Annotations

Branches:
Dungeon (2/15)

Altars:

Annotations:
D:2 Natasha


Innate Abilities, Weirdness & Mutations

You are resistant to torment.
((Your stone body is resilient. (AC +3)))
You are immune to poison.
You resist negative energy. (rN+)
((You are resistant to electric shocks. (rElec)))
((You can survive without breathing.))
You are immune to petrification.
You are immune to rotting.


Message History

Natasha is nearby!
Natasha casts a spell at you.
You feel yourself slow down.
Found 8 gold pieces.
You barely miss Natasha. Natasha claws you but does no damage.
Natasha zaps a wand.
You turn into a bat.
Your +0 quarterstaff melds into your body.
Your +0 helmet melds into your body.
Your +0 leather armour melds into your body.
You are feeling hungry.
You barely miss Natasha.
Natasha zaps a wand.
You resist with significant effort.
The now-empty wand crumbles to dust.
You barely miss Natasha. Natasha claws you!
Natasha growls.
Natasha barely misses you.
You are too injured to fight recklessly!
Natasha casts a spell at you. The magic dart hits you! Natasha claws you.
You die...

.. ############ ...#
##########..........#
.....##..........##.##..#.#
..$. ...###########.##..#
.....##.###########.....#
...........hb........#######.
..####.##########)#....#....
#.# ######.###..#>### #..
.........##..#.# ##.#
######...##>...# .#
#.#.##.#.## .# #.#.##.#># .#
..#.##.#.# .. .# ........#.#


You could see Natasha.

Vanquished Creatures
  2 dart slugs
  A leopard gecko (D:2)
  2 giant cockroaches
  4 goblins
  5 hobgoblins
  4 jackals (D:1)
  6 bats
  2 frilled lizards (D:1)
  4 kobolds
  2 rats
32 creatures vanquished.

Notes
Turn   | Place    | Note
-------+----------+-------------------------------------------
     0 | D:1      | FrozenPanda the Gargoyle Gladiator began the quest for the
                  | Orb.
     0 | D:1      | Reached XP level 1. HP: 12/12 MP: 1/1
   168 | D:1      | Reached XP level 2. HP: 16/17 MP: 2/2
   763 | D:1      | Reached XP level 3. HP: 16/22 MP: 3/3
   931 | D:1      | Reached skill level 1 in Armour
  1251 | D:2      | Reached skill level 1 in Stealth
  1683 | D:2      | Noticed Natasha
  1694 | D:2      | Slain by Natasha

Skill      XL: |  1  2  3 |
---------------+----------+-----
Throwing       | 2 |  2.1
Armour         | 1 |  1.2
Stealth        | 1 |  1.0
Fighting       | |  2.5
Staves         | |  3.2
Dodging        | |  2.7

Action                   || total
-------------------------++-------
Melee: Quarterstaff      ||    99
       Unarmed           ||     2
  Eat: Chunk             ||     2
Armor: Leather armour    ||    40
Dodge: Dodged            ||    66
